 Dungeon Crawl Stone Soup version 0.23.0-28-g6fe0f4d (webtiles) character file.

Game seed: 16413041385986433649

766 zedzed the Skirmisher (level 7, 0/66 HPs)
             Began as a Minotaur Fighter on Feb 25, 2019.
             Killed by nerve-wracking pain
             ... invoked by an orc priest
              (8 damage)
             ... on level 5 of the Dungeon.
             The game lasted 00:10:46 (2496 turns).

zedzed the Skirmisher (Minotaur Fighter)            Turns: 2496, Time: 00:10:47

Health: 0/66       AC:  6    Str: 23    XL:     7   Next: 52%
Magic:  6/6        EV:  8    Int:  5    God:
Gold:   97         SH: 10    Dex:  9    Spells: 6/6 levels left

rFire    . . .     SeeInvis .   k - +1 whip (elec)
rCold    . . .     Gourm    .   c - +0 shield
rNeg     . . .     Faith    .   b - +0 scale mail
rPois    .         Spirit   .   (helmet restricted)
rElec    .         Reflect  .   (no cloak)
rCorr    .         Harm     .   (no gloves)
MR       .....                  (no boots)
Stlth    ..........             i - amulet of magic regeneration
HPRegen  0.21/turn              (no ring)
MPRegen  0.35/turn              (no ring)

@: no status effects
A: retaliatory headbutt, horns 2
a: no special abilities


You were on level 5 of the Dungeon.
You were not hungry.

You visited 1 branch of the dungeon, and saw 5 of its levels.

You collected 97 gold pieces.

Inventory:

Hand Weapons
 a - a +0 war axe
 k - a +1 whip of electrocution (weapon)
Armour
 b - a +0 scale mail (worn)
 c - a +0 shield (worn)
Jewellery
 i - an amulet of magic regeneration (around neck)
 r - a cursed -2 ring of protection {unknown}
Scrolls
 e - 5 scrolls of identify
 l - a scroll of random uselessness {unknown}
 m - a scroll of remove curse {unknown}
 o - a scroll of immolation {unknown}
Potions
 d - a potion of might
 g - 4 potions of brilliance {unknown}
 h - a potion of magic
 j - 2 potions of curing
 n - a potion of haste {unknown}
 q - a potion of cancellation {unknown}
Comestibles
 f - 5 rations


   Skills:
 + Level 7.4 Fighting
 - Level 5.5 Axes
 - Level 3.6 Armour
 * Level 6.9 Shields


You had 6 spell levels left.
You didn't know any spells.
Your spell library was empty.

Dungeon Overview and Level Annotations

Branches:
Dungeon (5/15)
 Temple: D:4-7

Altars:
Cheibriados
Fedhas
Sif Muna
Trog
Zin


Innate Abilities, Weirdness & Mutations

You reflexively headbutt those who attack you in melee.
You have a pair of horns on your head.


Message History

You feel much better.
You feel sick. The orc hits you with a +0 trident.
You block the orc priest's attack. You block the orc's attack.
The orc priest casts a cantrip, but nothing happens.
You feel sick.
The orc priest miscasts a cantrip.
You feel sick.
The orc priest mumbles some strange prayers to Beogh against you.
Beogh smites you!
* * * LOW HITPOINT WARNING * * *
It was a potion of curing.
You feel better. You block the orc's attack.
The orc priest miscasts a cantrip.
The orc priest calls upon Beogh to heal the orc priest.
The orc priest is healed somewhat.
The orc priest invokes the aid of Beogh against you.
Beogh smites you!
* * * LOW HITPOINT WARNING * * *
The orc priest invokes the aid of Beogh against you.
Pain shoots through your body!
You die...

....#...#...#...#...#...#..
###...#...#...#..o#...#...#
# #.#...#...#...#...#...#..
###...#...#...#...#o..#..##
')).....#...#...#...#...##
#####'##..#...#...#...#.# #
#.####..#...#..##...# # #.#
###..#..#.# .### # #.#
###.#@#... # # #.#
###.##### ..# #.# ..# #.#
... ..# . ### .. ..


You could see 2 orc priests.

Vanquished Creatures
  3 ogres
  2 centaurs (D:5)
  A howler monkey (D:5)
  An orc priest (D:5)
  A centaur skeleton (D:3)
  3 orc wizards (D:5)
  An iguana (D:4)
  A worker ant (D:4)
  A killer bee zombie (D:5)
  3 gnolls (D:5)
  2 adders (D:2)
  2 adder skeletons
  2 worms
  4 leopard geckos
  12 orcs
  A ball python (D:2)
  A bat (D:3)
  A giant cockroach (D:5)
  A quokka (D:2)
  4 frilled lizards
  A giant cockroach zombie (D:3)
  2 goblins
  A jackal skeleton (D:5)
  2 kobolds (D:3)
  A leopard gecko skeleton (D:5)
  A quokka skeleton (D:3)
  A rat (D:1)
56 creatures vanquished.

Notes
Turn   | Place    | Note
-------+----------+-------------------------------------------
     0 | D:1      | zedzed the Minotaur Fighter began the quest for the Orb.
     0 | D:1      | Reached XP level 1. HP: 19/19 MP: 0/0
   108 | D:2      | Reached skill level 4 in Fighting
   108 | D:2      | Reached XP level 2. HP: 27/27 MP: 1/1
   317 | D:3      | Reached XP level 3. HP: 28/34 MP: 2/2
   341 | D:3      | Found a snail-covered altar of Cheibriados.
   702 | D:3      | Reached XP level 4. HP: 41/41 MP: 3/3
   765 | D:4      | Noticed an ogre
   769 | D:4      | Killed an ogre
   769 | D:4      | Reached skill level 5 in Fighting
   769 | D:4      | Reached XP level 5. HP: 29/49 MP: 4/4
   940 | D:4      | Found a blossoming altar of Fedhas.
  1122 | D:4      | Noticed an ogre
  1129 | D:4      | Killed an ogre
  1129 | D:4      | Reached skill level 6 in Fighting
  1129 | D:4      | Reached skill level 5 in Axes
  1444 | D:4      | Found a glowing silver altar of Zin.
  1532 | D:4      | Reached XP level 6. HP: 57/57 MP: 5/5
  1667 | D:5      | Entered Level 5 of the Dungeon
  1788 | D:5      | Reached skill level 5 in Shields
  2052 | D:5      | Reached XP level 7. HP: 60/64 MP: 6/6
  2081 | D:5      | Found a bloodstained altar of Trog.
  2086 | D:5      | Found a deep blue altar of Sif Muna.
  2138 | D:5      | Reached skill level 7 in Fighting
  2496 | D:5      | Killed from afar by an orc priest

Skill      XL: |  1  2  3  4  5  6  7 |
---------------+----------------------+-----
Fighting       | 4 5 6 7 |  7.4
Axes           | 3 4 5 |  5.5
Shields        | 5 6 |  6.9
Armour         | |  3.6

Action                   |  1- 3 |  4- 6 |  7- 9 || total
-------------------------+-------+-------+-------++-------
Melee: War axe           |    53 |     5 |       ||    58
       Headbutt          |     4 |    11 |     6 ||    21
       Whip              |       |    62 |    45 ||   107
  Use: Scroll            |     1 |     1 |       ||     2
       Potion            |       |       |     2 ||     2
  Eat: Chunk             |       |     4 |     1 ||     5
Armor: Scale mail        |    17 |     6 |    11 ||    34
Dodge: Dodged            |    19 |    10 |     4 ||    33
Block: Shield            |    19 |    21 |    27 ||    67
